Selects Terror Battlegroup
Construct Infanterie Kompanie
Construct Luftwaffe Kompanie
Construct Panzergrenadier Kompanie
Selects Contempt for the Weak
Pak 40 Anti-tank Gun Team
Nebelwerfer 42 Rocket Launcher Team
Selects Machine Gun Camouflage
Selects Defend the Fatherland
Pak 40 Anti-tank Gun Team
Construct Panzer Kompanie
Panzergrenadier Officer Quarters
Infanterie Officer Quarters
Selects King Tiger Heavy Tank